Unix NetHack Version 5.0.0-0 post-release - last build Jul 14 2026 02:55:29 (1809b74e8187c3a3585e283601c3028b46cbbdcb,branch:main).

Game began 2026-07-15 21:04:58, ended 2026-07-15 21:16:11.

Calendula, chaotic female human Wizard

                                                         ------
   -----------                                           |..@d|
   |.........|          -------------                    |..&&|
   |..........#####     |...........-#                   |.....
   |....<....|      ####............|######              ---|--       .>..%.|
   - ---.-----    ####  |...........|     ##      ############            ..|
        ###        #    .......%..>.|      ########         #             ---
          ##       #    --------%----        #
           ###     #           ##            #
      -------.---- #           ###           ##
      |..........| #             ############ #
      |..........| #                   -----.-#    - -------------
      |...........##                   ......-##  ...............|
      |..........|                     |.....|         ..........|
      |..........|                     |..%..|                 ..|
      |..........|                     -------                   |
      ------------

Calendula the Conjurer    St:12 Dx:14 Co:15 In:16 Wi:10 Ch:10  Chaotic
Dlvl:2  $:8  HP:0(28) Pw:8(25) AC:8  Xp:3 T:1026  Satiated

Latest messages:
 The door opens.
 The jackal bites!
 In what direction? 9
 The spell hits the jackal!
 You kill the jackal!
 You see here a jackal corpse.
 You see here a statue of a jackal.
 You see here a jackal corpse.
 You see here a crested helmet.
 w - a crested helmet.
 What do you want to wear? [w or ?*] w
 You finish your dressing maneuver.
 Your mind oscillates briefly.
 An erinys suddenly appears next to you!
 What do you want to read? [i-lnq or ?*] i
 As you read the scroll, it disappears.
 Being confused, you mispronounce the magic words...
 Your helm of opposite alignment is covered by a shimmering golden shield!
 What do you want to zap? [co or ?*] c
 In what direction? 2
 The bolt of fire hits the erinys.
 The erinys drinks a dark green potion!
 The erinys is suddenly moving faster.
 What do you want to zap? [co or ?*] c
 In what direction? 2
 The bolt of fire misses the erinys.
 The erinys hits!
 You feel less confused now.
 What do you want to zap? [co or ?*] c
 In what direction? 2
 The bolt of fire hits the erinys.
 The erinys hits!
 In what direction? 2
 The spell hits the erinys!
 The erinys resists!
 An erinys appears in a cloud of smoke!
 The erinys hits!
 What do you want to zap? [co or ?*] o
 In what direction? 2
 The erinys hurls a potion of paralysis!
 The carafe crashes on your head and breaks into shards.
 The potion of paralysis evaporates.
 Something seems to be holding you.
 The erinys hits!
 You die...
 Do you want your possessions identified? [ynq] (y) n
 Do you want to see your attributes? [ynq] (y) n
 Do you want an account of creatures vanquished? [ynaq] (y) n
 Do you want to see your conduct and achievements? [ynq] (y) n
 Do you want to see the dungeon overview? [ynq] (y) n

Inventory:
 Coins    ('$')
  $ - 8 gold pieces
 Weapons  (')')
  a - a blessed +1 quarterstaff (weapon in hands)
 Armor    ('[')
  w - a cursed rustproof -1 helm of opposite alignment (being worn)
  b - an uncursed +1 cloak of magic resistance (being worn)
 Comestibles  ('%')
  p - an uncursed food ration
  v - 2 cursed tripe rations
 Scrolls  ('?')
  i - an uncursed scroll of enchant armor
  j - an uncursed scroll of identify
 Spellbooks  ('+')
  l - an uncursed spellbook of detect unseen
  n - an uncursed spellbook of extra healing
  k - a blessed spellbook of force bolt
  q - an uncursed spellbook of turn undead
 Potions  ('!')
  h - an uncursed potion of levitation
  g - an uncursed potion of see invisible
  f - an uncursed potion of water
 Rings    ('=')
  d - an uncursed +1 ring of adornment
  e - an uncursed ring of teleportation
 Wands    ('/')
  c - a wand of fire (0:3)
  o - a wand of speed monster (0:2)
 Tools    ('(')
  m - a magic marker (0:22)
  r - an uncursed towel
 Gems/Stones  ('*')
  s - 2 uncursed jet stones

Calendula the Wizard's attributes:

Background:
 You were a Conjurer, a level 3 female human Wizard.
 You were chaotic, temporarily on a mission for Anhur
 who was opposed by Ptah (lawful) and Thoth (neutral).
 You were actually neutral.
 You were right-handed.
 You were in the Dungeons of Doom, on level 2.
 You entered the dungeon 1026 turns ago.
 There was a new moon in effect when your adventure ended.
 You had 58 experience points, 22 more were needed to attain level 4.

Basics:
 You had 0 out of 28 hit points.
 You had 8 out of 25 energy points (spell power).
 Your armor class was 8.
 Your wallet contained 8 zorkmids.
 Autopickup was off.

Final Characteristics:
 Your strength was 12 (limit:18/100).
 Your dexterity was 14 (limit:18).
 Your constitution was 15 (limit:18).
 Your intelligence was 16 (limit:18).
 Your wisdom was 10 (limit:18).
 Your charisma was 10 (limit:18).

Final Status:
 You were satiated.
 You were unencumbered.
 You were wielding a quarterstaff.
 You had basic skill with quarterstaff.

Final Attributes:
 You were nominally aligned.
 You were magic-protected.
 You were warded.
 You were unlucky.
 You are dead.

Miscellaneous:
 You didn't encounter any bones levels.
 Total elapsed playing time was 11 minutes and 12 seconds.

Major events:
 Turn
    1: Calendula the neutral female human Wizard entered the dungeon
  781: attained the rank of Conjurer (level 3)
 1026: killed by an erinys, while frozen by a potion

Spells:
 Name                 Level Category     Fail Retention
 force bolt             1   attack         0%  91%-100%
 detect unseen          3   divination   100%  76%-100%
 extra healing          3   healing      100%  76%-100%
 turn undead            6   clerical     100%  76%-100%

Skills:
 Fighting Skills
   bare handed combat [Unskilled]
   riding             [Unskilled]
 Weapon Skills
   dagger             [Unskilled]
   knife              [Unskilled]
   axe                [Unskilled]
   short sword        [Unskilled]
   club               [Unskilled]
   mace               [Unskilled]
   quarterstaff       [Basic]
   polearms           [Unskilled]
   spear              [Unskilled]
   trident            [Unskilled]
   sling              [Unskilled]
   dart               [Unskilled]
   shuriken           [Unskilled]
 Spellcasting Skills
   attack spells      [Basic]
   healing spells     [Unskilled]
   divination spells  [Unskilled]
   enchantment spells [Basic]
   clerical spells    [Unskilled]
   escape spells      [Unskilled]
   matter spells      [Unskilled]

Voluntary challenges:
 Character rerolling was not enabled.
 You were an atheist.
 You never genocided any monsters.
 You never polymorphed an object.
 You never changed form.
 You used no wishes.
Achievement:
 You attained the rank of Conjurer.

 The Dungeons of Doom: levels 1 to 2
    Level 1:
       A fountain.
    Level 2: <- You were here.
       Final resting place for
          you, killed by an erinys, while frozen by a potion.


Vanquished creatures:
  a kitten
 an acid blob
  2 giant rats
  4 jackals
  4 foxes
  a goblin
  2 sewer rats
  2 grid bugs
  4 lichens
  5 newts
26 creatures vanquished.

No species were genocided or became extinct.

Game over:
                       ----------
                      /          \
                     /    REST    \
                    /      IN      \
                   /     PEACE      \
                  /                  \
                  |    Calendula     |
                  |       8 Au       |
                  |   killed by an   |
                  |      erinys      |
                  |                  |
                  |                  |
                  |       2026       |
                 *|     *  *  *      | *
        _________)/\\_//(\/(/\)/\//\/|_)_______

Goodbye Calendula the Wizard...

You died in The Dungeons of Doom on dungeon level 2 with 300 points,
and 8 pieces of gold, after 1026 moves.
You were level 3 with a maximum of 28 hit points when you died.

